 Dungeon Crawl Stone Soup version 0.30-a0-824-g6c64550be9 (webtiles) character file.

Game seed: 18403798048747996786

133 bande the Covered (level 5, -6/33 HPs)
             Began as a Gargoyle Fighter on Feb 28, 2023.
             Killed by divine providence
             ... invoked by an orc priest
              (13 damage)
             ... on level 3 of the Dungeon.
             The game lasted 00:04:52 (2116 turns).

bande the Covered (Gargoyle Fighter)                Turns: 2116, Time: 00:04:53

Health: -6/33      AC: 12    Str: 19    XL:     5   Next: 16%
Magic:  5/5        EV:  9    Int:  9    God:
Gold:   91         SH:  4    Dex: 11    Spells: 4/4 levels left

rFire   . . .      SeeInvis .    v - +2 war axe (elec)
rCold   . . .      Faith    .    c - +0 buckler
rNeg    + . .      Spirit   .    b - +0 scale mail
rPois   ∞          Reflect  .    (no helmet)
rElec   +          Harm     .    n - +0 cloak
rCorr   .          Rampage  .    (no gloves)
Will    .....                    (no boots) Stlth
                                 (no amulet)
HPRegen 0.25/turn                (no ring)
MPRegen 0.09/turn                (no ring)

@: no status effects
A: sickness immunity, AC +4, negative energy resistance 1, electricity
resistance, torment resistance 1, petrification resistance
a: no special abilities


You were on level 3 of the Dungeon.
You visited 1 branch of the dungeon, and saw 3 of its levels.

You collected 105 gold pieces.
You spent 14 gold pieces at shops.

Inventory:

Hand Weapons
 a - a +0 war axe
 v - a +2 war axe of electrocution (weapon)
Armour
 b - a +0 scale mail (worn)
 c - a +0 buckler (worn)
 n - a +0 cloak (worn)
Jewellery
 g - a ring of wizardry
 r - a +6 ring of intelligence
Scrolls
 f - a scroll of blinking {unknown}
 j - 3 scrolls of identify {unknown}
 k - a scroll of brand weapon {unknown}
 l - 2 scrolls of noise {unknown}
 m - a scroll of enchant armour {unknown}
 o - a scroll of poison {unknown}
 p - a scroll of enchant weapon {unknown}
 q - a scroll of magic mapping {unknown}
 s - a scroll of teleportation {unknown}
 t - a scroll of silence {unknown}
 x - a scroll of fear {unknown}
Potions
 d - 4 potions of might
 e - a potion of resistance {unknown}
 h - a potion of curing
 i - a potion of heal wounds {unknown}
 u - a potion of attraction {unknown}
 w - 2 potions of berserk rage {unknown}


   Skills:
 + Level 3.8 Fighting
 + Level 3.5 Axes
 + Level 4.2 Armour
 + Level 3.7 Shields


You had 4 spell levels left.
You didn't know any spells.
Your spell library contained the following spells:

 Spells                   Type           Power      Damage    Failure   Level
 Blink                    Tloc           0%         N/A       93%         2
 Lesser Beckoning         Tloc           0%         N/A       93%         2
 Momentum Strike          Conj/Tloc      0%         3d8       93%         2
 Gell's Gravitas          Tloc           0%         N/A       99%         3
 Teleport Other           Tloc           0%         N/A       99%         3


Dungeon Overview and Level Annotations

Branches:
Dungeon (3/15)

Altars:

Shops:
D:1 *


Innate Abilities, Weirdness & Mutations

You are immune to sickness and miasma.
Your stone body is resilient. (AC +4)
You are immune to poison.
You resist negative energy. (rN+)
You are resistant to electric shocks. (rElec)
You are resistant to unholy torment.
You are immune to petrification.


Message History

The orc priest casts a cantrip, but nothing happens.
Found 62 gold pieces.
Found a roughly hewn altar of Beogh.
There is an open door here.
The orc priest closely misses you. You block the orc's attack.
The orc priest hits you with a +0 short sword.
You block the orc's attack.
There is an open door here.
The orc priest attacks as you move away!
The orc priest closely misses you.
You closely miss the orc priest.
The orc priest hits you but does no damage.
You barely miss the orc. You hit the orc priest.
The orc priest hits you from afar with a +0 trident.
The orc priest invokes the aid of Beogh against you.
Beogh smites you!
The orc priest hits you with a +0 short sword.
The orc hits you with a +0 mace.
* * * LOW HITPOINT WARNING * * *
You block the orc priest's attack.
The orc priest hits you but does no damage.
You closely miss the orc wizard. You barely miss the orc priest.
The orc priest hits you but does no damage.
The orc priest hits you with a +0 short sword.
* * * LOW HITPOINT WARNING * * *
The orc wizard barely misses you.
You slash the orc wizard!
The orc wizard is severely wounded.
You hit the orc priest.
Lightning courses through the orc priest!!
You kill the orc priest!
The orc priest hits you but does no damage.
The orc priest calls upon Beogh to heal the orc wizard.
The orc wizard is healed somewhat.
The orc wizard gestures at you while chanting.
You are confused.
You have reached level 5!
It was a potion of curing.
You feel better.
The orc priest invokes the aid of Beogh against you.
Beogh smites you!
You die...

...##.## ### .....#.###### #..
.....##...).# #.# .....#.####.#
#.# ............# ###### #### #.#
...############.... ..# #.# ...#
##$$.##..# #.# #.# ##.#
#$8$8o##.#######.#####.# ##.##
#_$$.oo@...)...(........
#...######.8.8o#).####.#........#
..#......##.$.##.....$.##.#######
#...####.######..########.# ##.##
#.##.#.#.## #.# ...# #.##.#.#.
..# ##.# #.##.#.## ###
##.#####.##.#.# ^.............#


You could see 2 orc priests, an orc wizard and an orc.

Vanquished Creatures
  2 orc priests (D:3)
  4 worms
  7 orcs (D:3)
  2 ball pythons
  4 endoplasms
  A giant cockroach (D:2)
  4 goblins
  5 hobgoblins
  3 quokkas
  8 bats
  3 frilled lizards
  6 kobolds
  5 rats
54 creatures vanquished.

Notes
Turn   | Place    | Note
-------+----------+-------------------------------------------
     0 | D:1      | bande the Gargoyle Fighter began the quest for the Orb.
     0 | D:1      | Reached XP level 1. HP: 14/14 MP: 1/1
    81 | D:1      | Found Bics's General Store.
   106 | D:1      | Bought a potion of degeneration for 14 gold pieces
   133 | D:1      | Reached XP level 2. HP: 17/19 MP: 2/2
   302 | D:1      | Found a faded altar of an unknown god.
   412 | D:1      | You fall into a shaft and drop 1 floor!
   778 | D:2      | Reached XP level 3. HP: 18/23 MP: 3/3
  1532 | D:3      | Reached XP level 4. HP: 28/28 MP: 4/4
  1547 | D:3      | Reached skill level 4 in Armour
  2114 | D:3      | HP: 1/29 [orc priest/+0 short sword (4)]
  2116 | D:3      | Reached XP level 5. HP: 2/33 MP: 5/5
  2116 | D:3      | Killed from afar by an orc priest

Illustrated notes

Levels and vault maps discovered:
D:1:      psy_arrival_whirlpool, layout_loops_cross, serial_shops,
          nicolae_shop_advertising_works [nicolae_subvault_shop_adworks],
          hellmonk_ecumenical_altar_pennies_from_heaven
D:2:      layout_loops_cross
D:3:      layout_loops_ring, kennysheep_orc_chapel

Skill      XL: |  1  2  3  4 |
---------------+-------------+-----
Axes           | 2 3 |  3.5
Armour         | 4 |  4.2
Fighting       | |  3.8
Shields        | |  3.7

Action                     |  1- 3 |  4- 6 || total
---------------------------+-------+-------++-------
  Melee: War axe           |   125 |    41 ||   166
    Use: Potion            |       |     1 ||     1
 Armour: Scale mail        |    56 |    24 ||    80
  Dodge: Dodged            |    63 |    18 ||    81
  Block: Buckler           |    24 |    11 ||    35

Table legend: (Time is in decaauts)
 A = Elapsed time spent in this place.
 B = Non-inter-level travel time spent in this place.
 C = Inter-level travel time spent in this place.
 D = Time resting spent in this place.
 E = Time spent auto-exploring this place.
 F = Levels seen in this place.
 G = Mean time per level.
                   A        B        C        D        E       F      G
               +--------+--------+--------+--------+--------+-----+--------+
         Total |   2188 |   2116 |     72 |     39 |   1534 |   3 |  729.3 |
       Dungeon |   2188 |   2116 |     72 |     39 |   1534 |   3 |  729.3 |
               +--------+--------+--------+--------+--------+-----+--------+

Top non-repeatable levels by time:
     D:2: 825 daAuts
     D:3: 735 daAuts
     D:1: 627 daAuts
